 Dungeon Crawl Stone Soup version 0.21.1-1-g345015f (webtiles) character file.

5217 letownia2 the Grappler (level 10, -7/94 HPs)
             Began as a Troll Monk on Feb 13, 2018.
             Was a Priest of Nemelex Xobeh.
             Shot with an arrow by a centaur warrior (13 damage)
             ... on level 11 of the Dungeon.
             The game lasted 00:14:49 (2546 turns).

letownia2 the Grappler (Troll Monk)                 Turns: 2546, Time: 00:14:50

Health: -7/94      AC: 10    Str: 22    XL:     10   Next: 35%
Magic:  12/12      EV: 11    Int:  8    God:    Nemelex Xobeh [***...]
Gold:   262        SH:  0    Dex: 12    Spells: 9/9 levels left

rFire    . . .     SeeInvis .     - Unarmed
rCold    . . .     Gourm    +   (no shield)
rNeg     . . .     Faith    .   a - +0 robe
rPois    .         Spirit   .   (helmet restricted)
rElec    .         Reflect  .   t - +0 cloak
rCorr    +         Harm     .   (gloves unavailable)
MR       .....                  (boots unavailable)
Stlth    ++........             (no amulet)
HPRegen  0.65/turn              d - ring of resist corrosion
MPRegen  0.13/turn              e - +4 ring of protection

@: no status effects
A: large, unfitting armour, claws 3, fast metabolism 3, gourmand, regeneration
1, shaggy fur 1, tough skin 2
a: Triple Draw, Renounce Religion


You were on level 11 of the Dungeon.
You worshipped Nemelex Xobeh.
Nemelex Xobeh was most pleased with you.
You were very full.

You visited 1 branch of the dungeon, and saw 11 of its levels.

You collected 262 gold pieces.

Inventory:

Hand Weapons
 p - a +0 blowgun
Missiles
 C - 7 poisoned needles
Armour
 a - a +0 robe (worn)
 t - a +0 cloak (worn)
Jewellery
 d - a ring of resist corrosion (left claw)
 e - a +4 ring of protection (right claw)
 D - an uncursed ring of ice
Wands
 i - a wand of iceblast (16)
Scrolls
 f - 2 scrolls of identify {unknown}
 g - 6 scrolls of blinking {unknown}
 j - 3 scrolls of teleportation {unknown}
 q - 2 scrolls of enchant armour {unknown}
 r - a scroll of noise {unknown}
 u - a scroll of magic mapping {unknown}
 y - a scroll of fog {unknown}
 F - a scroll of fear {unknown}
Potions
 c - 3 potions of lignification {unknown}
 h - 3 potions of berserk rage {unknown}
 o - 2 potions of mutation {unknown}
 v - a potion of flight {unknown}
 w - a potion of might {unknown}
 x - 2 potions of haste
 A - a potion of curing {unknown}
Books
 z - a book of Maledictions

   Spells                             Type                      Level
   a - Corona                         Hexes                        1
   b - Ensorcelled Hibernation        Hexes/Ice                    2
   c - Confuse                        Hexes                        3
   d - Tukima's Dance                 Hexes                        3
   e - Dazzling Spray                 Conjuration/Hexes            3
Miscellaneous
 k - a legendary deck of destruction
 l - a plain deck of destruction {drawn: 7}
 m - a plain deck of destruction
 n - a plain deck of summoning {drawn: 1}
 s - a legendary deck of destruction
 B - a plain deck of escape {drawn: 1}
Comestibles
 b - 11 rations
 E - 2 chunks of flesh


   Skills:
 - Level 4.5 Fighting
 - Level 2.9 Dodging
 - Level 1.0 Stealth
 + Level 13.2 Unarmed Combat
 + Level 4.1 Evocations


You had 9 spell levels left.
You didn't know any spells.

Dungeon Overview and Level Annotations

Branches:
Dungeon (10/15)              Lair (0/6) D:10
 Temple: D:4-7          Orc: D:9-12

Altars:
Nemelex Xobeh
Ru

Annotations:
D:11 Frank's ghost, journeyman OpFi


Innate Abilities, Weirdness & Mutations

You are too large for most types of armour.
You have claws for hands.
Your metabolism is lightning-fast.
You like to eat raw meat.
Your natural rate of healing is unusually fast.
You are covered in fur. (AC +1)
You have very tough skin. (AC +2)


Message History

You see here 2 arrows.
A centaur warrior comes into view.
The centaur warrior wields a shortbow.
The centaur warrior shoots an arrow.
The arrow hits you!
You see here an arrow.
Evoke which item? (* to show all) (? for menu, Esc to quit)
You draw a card...
It is the Elixir.
You begin rapidly regenerating magic.
The centaur warrior shoots an arrow.
The arrow hits you! The two-headed ogre closely misses you.
The two-headed ogre hits you with a giant spiked club.
The centaur warrior shoots an arrow.
The arrow barely misses you.
The centaur warrior shoots an arrow.
The arrow hits you!!
* * * LOW HITPOINT WARNING * * *
You see here an arrow.
The centaur warrior shoots an arrow.
The arrow hits you!
* * * LOW HITPOINT WARNING * * *
You see here an arrow.
The centaur warrior shoots an arrow.
The arrow hits you!
You die...
Your body glows slightly and disappears.

≈≈≈≈≈≈≈≈≈...(...#
≈...≈≈≈≈≈.......#
≈...≈c≈≈≈$......#
.≈≈≈≈≈.......###
≈≈≈≈≈≈.......((#
≈≈≈≈≈≈........O#
≈≈≈≈≈........(#
≈≈≈≈.........#
≈≈≈.......@.#
...........#
..........#
....c....#
.........#
.........#
##########


You could see a centaur warrior and a two-headed ogre.

Vanquished Creatures
  Maurice (D:8)
  An elephant (D:10)
  2 dream sheep (D:9)
  A blink frog (D:10)
  Sigmund (D:4)
  A wyvern (D:10)
  Eustachio (D:4)
  A hungry ghost (D:8)
  2 yaks (D:9)
  A basilisk (D:10)
  A water moccasin (D:8)
  An ice beast (D:10)
  2 orc warriors
  2 black bears
  A phantom (D:6)
  2 ogres
  An eye of draining (D:8)
  6 centaurs
  4 big kobolds
  4 bullfrogs
  5 howler monkeys
  A quasit (D:5)
  2 crimson imps
  3 bullfrog skeletons
  A bullfrog zombie (D:9)
  An orc priest (D:9)
  3 jellies
  A centaur skeleton (D:7)
  Natasha (D:4)
  2 iguanas
  10 orc wizards
  4 worker ants
  A gnoll (D:9)
  2 adders (D:2)
  A shadow imp (D:6)
  An adder skeleton (D:5)
  2 leopard geckos (D:10)
  20 orcs
  6 bats
  A giant cockroach (D:5)
  2 goblins
  A hobgoblin (D:3)
  2 jackals (D:9)
  16 kobolds
  4 quokkas
  A quokka zombie (D:5)
  A rat (D:2)
131 creatures vanquished.

Vanquished Creatures (collateral kills)
  2 worker ants
  An adder (D:3)
3 creatures vanquished.

Vanquished Creatures (others)
  3 orcs (D:3)
  A giant cockroach (D:8)
  A fungus (D:10)
5 creatures vanquished.

Grand Total: 139 creatures vanquished

Notes
Turn   | Place    | Note
-------+----------+-------------------------------------------
     0 | D:1      | letownia2 the Troll Monk began the quest for the Orb.
     0 | D:1      | Reached XP level 1. HP: 22/22 MP: 0/0
     5 | D:1      | Noticed an electric eel
    56 | D:2      | Reached XP level 2. HP: 29/29 MP: 1/1
   212 | D:2      | Reached XP level 3. HP: 36/36 MP: 2/2
   282 | D:4      | Found a sparkling altar of Nemelex Xobeh.
   286 | D:4      | Became a worshipper of Nemelex Xobeh the Trickster
   286 | D:4      | Received a gift from Nemelex Xobeh
   286 | D:4      | Received a gift from Nemelex Xobeh
   286 | D:4      | Reached * piety under Nemelex Xobeh
   286 | D:4      | Received a gift from Nemelex Xobeh
   286 | D:4      | Received a gift from Nemelex Xobeh
   286 | D:4      | Reached ** piety under Nemelex Xobeh
   453 | D:3      | Reached skill level 4 in Unarmed Combat
   481 | D:3      | Reached XP level 4. HP: 28/44 MP: 3/3
   543 | D:4      | Noticed Sigmund
   579 | D:3      | Reached skill level 5 in Unarmed Combat
   640 | D:4      | Killed Sigmund
   640 | D:4      | Reached skill level 6 in Unarmed Combat
   640 | D:4      | Reached XP level 5. HP: 42/50 MP: 4/4
   640 | D:4      | Reached XP level 6. HP: 50/59 MP: 5/5
   662 | D:4      | Noticed Natasha
   668 | D:4      | Noticed Eustachio
   669 | D:4      | Killed Natasha
   684 | D:4      | Killed Eustachio
   684 | D:4      | Reached skill level 7 in Unarmed Combat
   703 | D:5      | Entered Level 5 of the Dungeon
   733 | D:5      | Reached XP level 7. HP: 63/66 MP: 6/6
   802 | D:5      | Reached skill level 8 in Unarmed Combat
   805 | D:5      | Received a gift from Nemelex Xobeh
  1030 | D:6      | Reached skill level 9 in Unarmed Combat
  1080 | D:8      | Noticed Maurice
  1089 | D:8      | Killed Maurice
  1089 | D:8      | Reached skill level 10 in Unarmed Combat
  1089 | D:8      | Reached XP level 8. HP: 60/74 MP: 7/7
  1213 | D:8      | Reached skill level 11 in Unarmed Combat
  1294 | D:8      | Reached XP level 9. HP: 69/80 MP: 8/8
  1365 | D:8      | Reached skill level 12 in Unarmed Combat
  1687 | D:9      | Received a gift from Nemelex Xobeh
  1690 | D:9      | Reached skill level 1 in Evocations
  1729 | D:9      | Reached *** piety under Nemelex Xobeh
  1998 | D:9      | Found a sacrificial altar of Ru.
  2138 | D:9      | Reached XP level 10. HP: 79/94 MP: 11/11
  2158 | D:9      | Noticed a three-headed hydra
  2250 | D:10     | Entered Level 10 of the Dungeon
  2250 | D:10     | Received a gift from Nemelex Xobeh
  2393 | D:10     | Noticed an elephant
  2394 | D:10     | Found a staircase to the Lair.
  2429 | D:10     | Reached skill level 13 in Unarmed Combat
  2436 | D:10     | Killed an elephant
  2517 | D:10     | You fall through a shaft!
  2517 | D:11     | Noticed Frank's ghost (journeyman OpFi)
  2519 | D:11     | Noticed a two-headed ogre
  2541 | D:11     | Noticed a centaur warrior
  2546 | D:11     | Shot with an arrow by a centaur warrior

Skill      XL: |  1  2  3  4  5  6  7  8  9 10 |
---------------+-------------------------------+-----
Unarmed Combat | 4 6 7 10 11 12 13 | 13.2
Fighting       | 4 |  4.5
Evocations     | 3 4 |  4.1
Dodging        | |  2.9
Stealth        | |  1.0

Action                   |  1- 3 |  4- 6 |  7- 9 | 10-12 || total
-------------------------+-------+-------+-------+-------++-------
Melee: Unarmed           |    43 |    35 |   279 |    50 ||   407
       Punch             |     1 |     2 |     8 |     3 ||    14
Evoke: Deck              |     2 |     3 |     4 |     8 ||    17
 Stab: Sleeping          |     3 |       |     2 |       ||     5
       Distracted        |       |     1 |       |       ||     1
  Eat: Chunk             |     5 |     7 |    20 |     3 ||    35
Armor: Robe              |    23 |    30 |    93 |    27 ||   173
Dodge: Dodged            |    22 |    29 |   102 |    36 ||   189
